 Dungeon Crawl Stone Soup version 0.32-a0-933-ga8fa3634e4 (webtiles) character file.

Game seed: 5373318408878136984

5877 ezpacito the Chopper (level 10, -7/84 HPs)
             Began as a Coglin Chaos Knight on Apr 14, 2024.
             Was a Plaything of Xom.
             Killed from afar by an electric eel (9 damage)
             ... with a bolt of electricity
             ... on level 11 of the Dungeon.
             The game lasted 00:11:46 (10087 turns).

ezpacito the Chopper (Coglin Chaos Knight)         Turns: 10087, Time: 00:11:47

Health: -7/84      AC: 16    Str: 20    XL:     10   Next: 81%
Magic:  16/16      EV:  6    Int: 14    God:    Xom [.*....]
Gold:   496        SH:  0    Dex: 12    Spells: 4/15 levels left

rFire   + . .        g - +2 war axe (drain) {Kaede}
rCold   . . .        A - +2 trident (pain) {Kagemori}
rNeg    . . .        n - +2 plate armour {rF+}
rPois   .            (helmet restricted)
rElec   .            (no cloak)
rCorr   .            (no gloves)
SInv    .            (no boots)
Will    .....        (amulet unavailable) Stlth
                     (ring unavailable)
HPRegen 0.34/turn    (ring unavailable)
MPRegen 0.15/turn    (no gizmo)

%: clarity
@: no status effects
A: off-hand wielding, slow wielding, warmup strikes, no jewellery, antennae 1,
iridescent scales 1, clarity, clever 1, high MP 1, sense surroundings 1, robust
1, strong 1, wild magic 1, inability to drink after injury 1, MP-powered wands
a: Invent Gizmo, Renounce Religion


You were on level 11 of the Dungeon.
You worshipped Xom.
You were a plaything of Xom.
You visited 1 branch of the dungeon, and saw 11 of its levels.

You collected 742 gold pieces.
You spent 246 gold pieces at shops.

Inventory:

Hand Weapons
 a - a +0 hand axe of chaos {Nenetl}
 g - a +2 war axe of draining (weapon) {Kaede}
 A - a +2 trident of pain (offhand) {Kagemori}
Missiles
 f - a throwing net
 p - 3 poisoned darts (quivered)
 x - 13 boomerangs
 B - 4 javelins
Armour
 n - a +2 plate armour of fire resistance (worn)
 C - the +1 helmet of Ohuuca {Rampage}
   (You found it on level 10 of the Dungeon)

   Rampage:   It bestows one free step when moving towards enemies.
Talismans
 j - a storm talisman
 v - a granite talisman
 z - a serpent talisman
 E - a beast talisman
 F - a blade talisman
Wands
 o - a wand of flame (8)
Scrolls
 b - 2 scrolls of noise
 h - 4 scrolls of immolation
 k - 4 scrolls of amnesia
 m - 3 scrolls of enchant weapon
 r - 3 scrolls of enchant armour
 s - a scroll of fog
 t - a scroll of teleportation
 u - 4 scrolls of poison
 y - a scroll of brand weapon
Potions
 c - a potion of berserk rage
 d - a potion of might
 e - 3 potions of brilliance
 i - a potion of cancellation
 l - 2 potions of heal wounds
 q - a potion of curing
 w - a potion of enlightenment
 D - a potion of mutation {unknown}


   Skills:
 * Level 6.5 Fighting
 * Level 6.6(7.6) Axes
 * Level 5.3(6.6) Polearms
 + Level 3.2 Throwing
 * Level 5.5 Armour
 * Level 5.4 Dodging
 + Level 3.3 Stealth
 + Level 3.0 Spellcasting
 + Level 3.5 Necromancy
 + Level 1.3 Fire Magic
 + Level 2.1 Evocations
 + Level 2.3 Shapeshifting


You had 4 spell levels left.
You knew the following spells:

 Your Spells              Type           Power      Damage    Failure   Level
a - Fugue of the Fallen   Necr           15%        N/A       99%         3
b - Ignition              Fire           3%         3d4       100%        8

Your spell library contained the following spells:

 Spells                   Type           Power      Damage    Failure   Level
 Hailstorm                Conj/Ice       2%         3d5       100%        3
 Inner Flame              Hex/Fire       5%         N/A       100%        3
 Ozocubu's Armour         Ice            2%         N/A       100%        3
 Summon Ice Beast         Ice/Summ       2%         N/A       100%        3
 Brom's Barrelling Bould  Conj/Erth      2%         2d3       100%        4
 Fireball                 Conj/Fire      2%         3d4       100%        5
 Irradiate                Conj/Alch      1%         3d12      100%        5
 Iskenderun's Battlesphe  Conj           2%         2d6       100%        5
 Bombard                  Conj/Erth      1%         9d1       100%        6
 Conjure Ball Lightning   Conj/Air       1%         3x3d6     100%        6
 Permafrost Eruption      Ice/Erth       1%         2x4d1     100%        6
 Sculpt Simulacrum        Ice/Alch       1%         N/A       100%        6
 Manifold Assault         Tloc           1%         N/A       100%        7
 Orb of Destruction       Conj           1%         9d5       100%        7
 Spellforged Servitor     Conj/Summ      1%         N/A       100%        7


Dungeon Overview and Level Annotations

Branches:
Dungeon (11/15)            Temple (0/1) D:7            Lair (0/5) D:11
    Orc: D:9-12

Altars:
Ashenzari
Dithmenos
Kikubaaqudgha
Nemelex Xobeh
Okawaru
Ru
Trog
Uskayaw
Wu Jian
Xom
Zin

Shops:
D:6 *   D:10 [

Annotations:
D:11 Sonja


Innate Abilities, Weirdness & Mutations

You can wield a second weapon in your off-hand.
It takes a long time for you to wield or remove held weapons.
Your first few attacks do less damage.
You cannot equip rings or amulets.
You have a pair of small antennae on your head.
You are partially covered in iridescent scales. (AC +2)
You possess an exceptional clarity of mind.
Your mind is acute. (Int +4, Str/Dex -1)
You have an increased reservoir of magic. (+10% MP)
You passively map a small area around you.
You are robust. (+10% HP)
Your muscles are strong. (Str +4, Int/Dex -1)
Your spells are a little harder to cast, but a little more powerful.
You occasionally lose the ability to drink potions when taking damage.
You expend magic power (3 MP) to strengthen your wands.


Message History

Sonja is wielding a +2 dagger of draining and quivering curare-tipped darts.
The wolf howls! x2; Sonja shouts!
You hear a howl!
A wolf comes into view.
The electric eel shoots out a bolt of lightning at you!
The bolt of electricity hits you!
The electric eel shoots out a bolt of lightning at you!
The bolt of electricity hits the electric eel.
The electric eel completely resists.
The bolt of electricity hits you.
You take 15 damage, and have 33/84 hp.
Found a staircase to the Lair.
The electric eel shoots out a bolt of lightning at you!
The bolt of electricity hits the electric eel.
The electric eel completely resists.
The bolt of electricity hits you!
* * * LOW HITPOINT WARNING * * *
A shadow comes into view.
You take 14 damage, and have 19/84 hp.
You hit the electric eel but do no damage.
You hit the electric eel with your +2 trident of pain.
The electric eel writhes in agony.
The electric eel shoots out a bolt of lightning at you!
The bolt of electricity hits you!
* * * LOW HITPOINT WARNING * * *
You take 7 damage, and have 12/84 hp.
Okay, then.
Sonja mumbles some strange words.
Sonja blinks!
The electric eel shoots out a bolt of lightning at you!
The bolt of electricity hits you.
* * * LOW HITPOINT WARNING * * *
The electric eel shoots out a bolt of lightning at you!
The bolt of electricity hits the electric eel.
The electric eel completely resists.
The bolt of electricity hits you!
* * * LOW HITPOINT WARNING * * *
Xom thinks this is hilarious!
You take 10 damage, and have 2/84 hp.
The wolf stops to sniff the ground.
The electric eel shoots out a bolt of lightning at you!
The bolt of electricity hits you!
You die...
Xom bursts into laughter!

~ ~.~Khhh≈≈≈≈# ,
≈~≈h≈≈≈~≈~# *.... ,
~~hW≈≈≈~.~## #.... ,
,
~.≈≈≈≈S.~..###.....
.~~~≈S~....#...... ,
,.≈.~.~..........#
** , ,
,.~.~...........##
..........#.....## ,
...#..#####@......##
** * #....#*
##.......... , #...#
##..####..... ,
*##.. ##..## ....
.....##..## #.. * ,
........## . ,
.........## * ,
####.....<## ,
#.....#..# * ,


You could see a shadow, a wolf and 2 electric eels.

Vanquished Creatures
  A cyclops (D:9)
  Maggie (D:8)
  A troll (D:10)
  A wraith (D:9)
  A shadow (D:9)
  11 yaks
  A wyvern (D:8)
  Eustachio (D:4)
  A steam dragon (D:8)
  Duvessa (D:6)
  An ice beast (D:7)
  3 orc warriors
  A centaur (D:10)
  2 ogres
  2 bullfrogs (D:7)
  A scorpion (D:6)
  2 gnoll sergeants
  5 wights (D:6)
  Dowan (D:6)
  11 killer bees
  2 gnoll boudas (D:7)
  4 orc priests
  4 hounds
  A jelly (D:4)
  2 iguanas
  12 orc wizards
  Terence (D:2)
  11 gnolls
  6 adders
  A river rat (D:7)
  2 white imps
  A dart slug (D:1)
  A ribbon worm (D:4)
  25 orcs
  3 ball pythons
  5 endoplasms
  2 giant cockroaches (D:1)
  A hobgoblin (D:1)
  6 jackals
  5 kobolds
  5 quokkas
  4 bats
  5 frilled lizards
  3 goblins
  4 rats
165 creatures vanquished.

Vanquished Creatures (others)
  A centaur (D:8)
  An orc wizard (D:7)
  2 orcs (D:7)
  An orc zombie (D:7)
5 creatures vanquished.

Grand Total: 170 creatures vanquished

Notes
Turn   | Place    | Note
-------+----------+-------------------------------------------
     0 | D:1      | ezpacito the Coglin Chaos Knight began the quest for the
                  | Orb.
     0 | D:1      | Reached XP level 1. HP: 18/18 MP: 1/1
   198 | D:1      | Reached skill level 1 in Dodging
   312 | D:1      | Reached XP level 2. HP: 23/24 MP: 2/2
   375 | D:1      | You fall into a shaft and drop 1 floor!
   410 | D:2      | Reached XP level 3. HP: 29/29 MP: 3/3
   658 | D:2      | Noticed Terence
   664 | D:2      | Reached skill level 1 in Polearms
   667 | D:2      | Killed Terence
   668 | D:2      | Reached XP level 4. HP: 26/35 MP: 4/4
   696 | D:2      | XOM: silly message
   706 | D:2      | Found a broken altar of Ashenzari.
   820 | D:1      | Learned a level 3 spell: Fugue of the Fallen
  1373 | D:3      | Found an ornate altar of the Wu Jian Council.
  1396 | D:3      | Noticed an ogre
  1401 | D:3      | XOM: butterfly on damage
  1411 | D:3      | XOM: confuse monster(s)
  1422 | D:3      | XOM: potion effect (heal wounds)
  1423 | D:3      | XOM: swap monsters
  1431 | D:3      | Killed an ogre
  1432 | D:3      | Reached skill level 1 in Stealth
  1432 | D:3      | Reached XP level 5. HP: 34/41 MP: 5/5
  2334 | D:4      | Noticed Eustachio
  2348 | D:4      | Killed Eustachio
  2349 | D:4      | Reached skill level 1 in Throwing
  2349 | D:4      | Reached skill level 1 in Necromancy
  2349 | D:4      | Reached XP level 6. HP: 45/48 MP: 5/7
  2544 | D:4      | Found a hide-covered altar of Uskayaw.
  2626 | D:4      | XOM: give mutations
  2626 | D:4      | Gained mutation: Your spells are a little harder to cast,
                  | but a little more powerful. [Xom's grace]
  2626 | D:4      | Gained mutation: You possess an exceptional clarity of
                  | mind. [Xom's grace]
  2626 | D:4      | Gained mutation: You are robust. (+10% HP) [Xom's grace]
  2626 | D:4      | Gained mutation: Your muscles are strong. (Str +4, Int/Dex
                  | -1) [Xom's grace]
  2671 | D:4      | Reached skill level 1 in Spellcasting
  2750 | D:4      | Reached XP level 7. HP: 32/58 MP: 8/8
  3453 | D:5      | Entered Level 5 of the Dungeon
  3832 | D:5      | XOM: 5-stop teleportation journey
  3843 | D:5      | XOM: give mutations
  3843 | D:5      | Gained mutation: You occasionally lose the ability to drink
                  | potions when taking damage. [Xom's mischief]
  3843 | D:5      | Gained mutation: You are partially covered in iridescent
                  | scales. (AC +2) [Xom's mischief]
  3843 | D:5      | Gained mutation: You have a pair of small antennae on your
                  | head. [Xom's mischief]
  3864 | D:5      | XOM: god gift: 37 gold pieces
  3906 | D:5      | XOM: divination: magic mapping
  4566 | D:6      | Noticed Duvessa
  4566 | D:6      | Noticed Dowan
  4590 | D:6      | Killed Dowan
  4597 | D:6      | Killed Duvessa
  4745 | D:6      | Reached XP level 8. HP: 63/67 MP: 10/10
  4854 | D:6      | Found Gaxy's General Store.
  4854 | D:6      | XOM: 7-stop teleportation journey
  5084 | D:6      | XOM: scenery: summon butterflies
  5201 | D:6      | XOM: scenery: 2 doors open
  5325 | D:6      | Reached skill level 1 in Shapeshifting
  5415 | D:6      | Bought a wand of iceblast (4) for 134 gold pieces
  5415 | D:6      | Bought a scroll of immolation for 56 gold pieces
  5415 | D:6      | Bought a scroll of poison for 56 gold pieces
  5432 | D:6      | Found a bloodstained altar of Trog.
  5433 | D:6      | Found an ancient bone altar of Kikubaaqudgha.
  5554 | D:7      | XOM: blink monster(s)
  5756 | D:7      | Found a staircase to the Ecumenical Temple.
  5764 | D:7      | Reached skill level 5 in Fighting
  5802 | D:7      | XOM: polymorph ice beast -> river rat
  5807 | D:7      | Reached skill level 5 in Axes
  5810 | D:7      | Reached XP level 9. HP: 73/74 MP: 11/11
  5946 | D:7      | XOM: summons 5 hostile demons
  5947 | D:7      | Noticed a rust devil
  5975 | D:7      | XOM: 1-stop teleportation journey
  6128 | D:7      | Found an iron altar of Okawaru.
  6307 | D:8      | XOM: stealth player
  6575 | D:7      | XOM: scenery: create altars
  6665 | D:8      | XOM: divine lightning
  6758 | D:8      | HP: 2/74 [poisoned by a killer bee]
  6758 | D:8      | Xom revived you
  6919 | D:8      | Found a broken altar of Ashenzari.
  6955 | D:8      | Noticed Maggie
  6966 | D:8      | Killed Maggie
  7138 | D:8      | XOM: divination: detect items
  7424 | D:8      | XOM: give mutations
  7424 | D:8      | Gained mutation: You expend magic power (3 MP) to
                  | strengthen your wands. [Xom's grace]
  7424 | D:8      | Gained mutation: Your mind is acute. (Int +4, Str/Dex -1)
                  | [Xom's grace]
  7424 | D:8      | Gained mutation: You have an increased reservoir of magic.
                  | (+10% MP) [Xom's grace]
  7424 | D:8      | Gained mutation: You passively map a small area around you.
                  | [Xom's grace]
  7649 | D:8      | XOM: 1-stop teleportation journey
  7893 | D:9      | Found a sacrificial altar of Ru.
  7893 | D:9      | Found a shadowy altar of Dithmenos.
  8089 | D:9      | Learned a level 8 spell: Ignition
  8104 | D:9      | Noticed a cyclops
  8111 | D:9      | Killed a cyclops
  8112 | D:9      | Reached skill level 5 in Armour
  8112 | D:9      | Reached XP level 10. HP: 54/83 MP: 13/15
  8364 | D:9      | XOM: scenery: summon butterflies
  8369 | D:9      | Reached skill level 5 in Dodging
  8502 | D:9      | Reached skill level 1 in Evocations
  8503 | D:9      | XOM: smoke on damage
  8650 | D:9      | XOM: divination: magic mapping
  8654 | D:9      | XOM: confuse monster(s)
  8658 | D:9      | XOM: enchant monster (bad)
  8661 | D:9      | Reached skill level 5 in Polearms
  8802 | D:9      | XOM: god gift: pink potion {god gift}
  8804 | D:9      | Found a sparkling altar of Nemelex Xobeh.
  8961 | D:10     | Entered Level 10 of the Dungeon
  8987 | D:10     | XOM: god gift: plate armour {god gift}
  9175 | D:10     | Identified the +1 helmet of Ohuuca {Rampage}
  9251 | D:10     | Found a glowing silver altar of Zin.
  9298 | D:10     | Reached skill level 1 in Fire Magic
  9740 | D:10     | Found Extareq's Antique Armour Emporium.
 10082 | D:11     | Noticed Sonja
 10083 | D:11     | Found a staircase to the Lair.
 10085 | D:11     | HP: 2/84 [electric eel/bolt of electricity (9)]
 10087 | D:11     | Killed from afar by an electric eel

Illustrated notes

Levels and vault maps discovered:
D:1:      saegor_arrival_simple_e, layout_loops_ring
D:2:      layout_basic, basic_altar, uniq_terence
D:3:      layout_basic, mainiacjoe_overflow_cross_hatched, kennysheep_boxes
D:4:      layout_loops_corners, nicolae_uskayaw_murder_on_the_dancefloor,
          uniq_eustachio
D:5:      layout_layer_cave
D:6:      layout_rooms, gammafunk_temple_overflow_wave, serial_shops, shop,
          uniq_duvessa
D:7:      layout_cave_pools, mainiacjoe_overflow_alcove_1, temple_pool_b
D:8:      layout_loops_ring, evilmike_ruin_ashenzari,
          nicolae_figureground_sparkle, uniq_maggie
D:9:      layout_long_grid, nemelex_xobeh_ov_fountains_minmay,
          gammafunk_temple_overflow_elements
D:10:     layout_basic, mainiacjoe_overflow_six_doors_small, serial_shops,
          kennysheep_mini_moat
D:11:     layout_layer_cave, erik_lair_island, serial_shops,
          kennysheep_little_box, uniq_sonja, uniq_grum, uniq_psyche

Skill      XL: |  1  2  3  4  5  6  7  8  9 10 |
---------------+-------------------------------+-----
Dodging        | 1 2 3 4 5 |  5.4
Armour         | 2 3 4 5 |  5.5
Polearms       | 1 2 3 4 5 |  5.3
Stealth        | 1 2 3 |  3.3
Throwing       | 1 2 3 |  3.2
Necromancy     | 1 2 3 |  3.5
Spellcasting   | 1 2 3 |  3.0
Axes           | 4 5 6 |  6.6
Fighting       | 4 5 6 |  6.5
Shapeshifting  | 1 2 |  2.3
Evocations     | 2 |  2.1
Fire Magic     | 1 |  1.3

Action                     |  1- 3 |  4- 6 |  7- 9 | 10-12 || total
---------------------------+-------+-------+-------+-------++-------
  Melee: Hand axe          |    33 |    87 |   217 |       ||   337
         Spear             |    38 |   105 |   112 |       ||   255
         Dagger            |     4 |       |       |       ||     4
         Trident           |       |       |   169 |    89 ||   258
         War axe           |       |       |    41 |    69 ||   110
  Throw: Dart              |       |     2 |       |       ||     2
  Evoke: Wand              |       |       |     4 |       ||     4
    Use: Potion            |       |     5 |    14 |     1 ||    20
         Scroll            |       |     5 |    11 |     2 ||    18
   Stab: Sleeping          |     1 |     6 |       |       ||     7
         Confused          |       |     2 |     5 |       ||     7
         Petrifying        |       |       |     1 |       ||     1
         Invisible         |       |       |    14 |       ||    14
         Paralysed         |       |       |     2 |       ||     2
 Armour: Leather armour    |    21 |    19 |       |       ||    40
         Chain mail        |       |    43 |   158 |       ||   201
         Plate armour      |       |       |   233 |    97 ||   330
         Skin              |       |       |     4 |       ||     4
  Dodge: Dodged            |    13 |    58 |   156 |    27 ||   254

Table legend: (Time is in decaauts)
 A = Elapsed time spent in this place.
 B = Non-inter-level travel time spent in this place.
 C = Inter-level travel time spent in this place.
 D = Time resting spent in this place.
 E = Time spent auto-exploring this place.
 F = Levels seen in this place.
 G = Mean time per level.
                   A        B        C        D        E       F      G
               +--------+--------+--------+--------+--------+-----+--------+
         Total |  10117 |   9473 |    644 |    569 |   7637 |  11 |  919.7 |
       Dungeon |  10117 |   9473 |    644 |    569 |   7637 |  11 |  919.7 |
               +--------+--------+--------+--------+--------+-----+--------+

Top non-repeatable levels by time:
     D:4: 1179 daAuts
     D:8: 1157 daAuts
     D:9: 1154 daAuts
     D:7: 1138 daAuts
    D:10: 1113 daAuts
     D:5: 1109 daAuts
     D:3: 973 daAuts
     D:6: 961 daAuts
     D:2: 667 daAuts
     D:1: 639 daAuts
    D:11: 22 daAuts
